AoeStats
← hezarfen

Nomad

510314725Analyzed
4v4 RM · 6h ago on Sep 30, 2026· 11m 13s· 8 players
Game mode
Random Map
Map size
231×231
Population
200
Speed
Normal
Resources
Standard
Victory
Conquest
Starting age
Dark Age
Ending age
Imperial Age
RankedLock teamsTeams togetherTeam positionsShared explorationLock speedFull tech treeHidden civsTurbo modeCheats
Victory
Defeat
🇨🇴 Italians · Colombia
1328
+16
🇹🇼 Mongols · Taiwan
1303
+17
🇨🇳 Turks · China
1273
+18
🇹🇷 Celts · Türkiye
1243
+21
1343
-19
🇨🇳 Mongols · China
1342
-18
🇨🇳 Koreans · China
1322
-18
🇮🇳 Spanish · India
1306
-17
fox0503
4:43 Loom
hezarfen
6:33 Loom
蔡鳥
4:26 Loom
kevinpaz6665
4:27 Loom
漫天星辰
4:27 Loom
菜鸟来练手
4:34 Loom
小帅shuai
5:10 Loom
魔鬼我在索马里
7:56 Loom
12:05 Feudal Age
Connection lost

Rejoining the realm…

Still unreachable

The connection could not be restored.

Session expired

The server has moved on; the page needs a fresh start.